 Dungeon Crawl Stone Soup version 0.25.0-45-g978344163c (webtiles) character file.

Game seed: 14412624093145434034

560 Ethylacetat the Gusty (level 7, -3/41 HPs)
             Began as an Octopode Air Elementalist on July 11, 2020.
             Was a Follower of Sif Muna.
             Slain by Duvessa
             ... wielding a +0 rapier
              (12 damage)
             ... on level 5 of the Dungeon.
             The game lasted 00:21:17 (5724 turns).

Ethylacetat the Gusty (Octopode Air Elementalist)   Turns: 5724, Time: 00:21:17

Health: -3/41      AC:  1    Str:  7    XL:     7   Next: 31%
Magic:  1/13       EV: 13    Int: 19    God:    Sif Muna [*.....]
Gold:   251        SH:  0    Dex: 13    Spells: 9/14 levels left

rFire    . . .     SeeInvis .   f - +0 dagger
rCold    + . .     Gourm    .   (no shield)
rNeg     . . .     Faith    .   (helmet restricted)
rPois    .         Spirit   .   (no amulet)
rElec    .         Reflect  .   i - ring of protection from cold
rCorr    .         Harm     .   (no ring)
MR       .....                  (no ring)
Stlth    +++.......             (no ring)
HPRegen  0.13/turn              (no ring)
MPRegen  0.13/turn              (no ring)
                                (no ring)
                                (no ring)

@: no status effects
A: almost no armour, stealthy swim, amphibious, 8 rings, constrict 8, camouflage
1, gelatinous body 1
a: Channel Magic, Renounce Religion


You were on level 5 of the Dungeon.
You worshipped Sif Muna.
Sif Muna was aware of your devotion.
You were not hungry.

You visited 2 branches of the dungeon, and saw 6 of its levels.

You collected 251 gold pieces.

Inventory:

Hand Weapons
 f - a +0 dagger (weapon)
Jewellery
 i - a ring of protection from cold (left tentacle)
 u - an uncursed amulet of regeneration {unknown}
Scrolls
 a - 2 scrolls of remove curse {unknown}
 c - 5 scrolls of teleportation {unknown}
 e - a scroll of magic mapping {unknown}
 j - 7 scrolls of identify {unknown}
 k - 2 scrolls of noise {unknown}
 l - 3 scrolls of enchant armour {unknown}
 m - a scroll of fog {unknown}
 o - 2 scrolls of enchant weapon {unknown}
 t - a scroll of blinking {unknown}
Potions
 d - 2 potions of haste {unknown}
 g - 4 potions of curing {unknown}
 h - 3 potions of stabbing {unknown}
 n - a potion of might {unknown}
 p - 4 potions of magic {unknown}
 q - a potion of experience {unknown}
 r - a potion of degeneration {unknown}
 s - a potion of mutation {unknown}
 v - a potion of berserk rage {unknown}
 w - a potion of heal wounds {unknown}
Comestibles
 b - 10 rations
 x - 5 chunks of flesh


   Skills:
 - Level 2.0 Dodging
 - Level 2.6 Stealth
 + Level 4.3 Spellcasting
 - Level 1.0 Conjurations
 * Level 6.9 Air Magic


You had 9 spell levels left.
You knew the following spells:

 Your Spells              Type           Power        Failure   Level  Hunger
a - Shock                 Conj/Air       ###.         2%          1    None
b - Airstrike             Air            ####......   8%          4    ####...

Your spell library contained the following spells:

 Spells                   Type           Power        Failure   Level  Hunger
 Swiftness                Chrm/Air       ###.....     4%          2    #......
 Static Discharge         Conj/Air       ###.....     8%          3    ###....
 Lightning Bolt           Conj/Air       ###.......   58%         5    ######.


Dungeon Overview and Level Annotations

Branches:
Dungeon (5/15)             Temple (1/1) D:4

Altars:
Elyvilon
Gozag
Okawaru
Sif Muna
Trog
Yredelemnul
The Shining One

Annotations:
D:5 Duvessa


Innate Abilities, Weirdness & Mutations

You cannot wear most types of armour.
You are very stealthy in the water. (Stealth+)
You are amphibious.
You can wear up to eight rings at the same time.
You can use your tentacles to constrict eight enemies at once.
Your skin changes colour to match your surroundings (Stealth+).
Your rubbery body absorbs attacks. (AC +1, EV +1)


Message History

* * * LOW HITPOINT WARNING * * *
Casting: Shock (safe; 2% risk of failure)
Confirm with . or Enter, or press ? or * to list all spells.
Aiming: Shock (safe; 2% risk of failure)
Press: ? - help, Shift-Dir - straight line The zap hits Duvessa.
Duvessa is severely wounded.
The zap hits Duvessa but does no damage.
Duvessa is severely wounded.
Duvessa barely misses you.
Casting: Shock (safe; 2% risk of failure)
Confirm with . or Enter, or press ? or * to list all spells.
Aiming: Shock (safe; 2% risk of failure)
Press: ? - help, Shift-Dir - straight line The zap hits Duvessa.
Duvessa is severely wounded.
The zap hits Duvessa!
Duvessa is almost dead.
Duvessa hits you with a +0 rapier!
You die...

......##...## ....
$.
#..#######..####
...# . . ..##
##....####..##.#..
.#...#
####...##......#
##..[#
###....##...# #
...# ###..#.r.#..
# ...# ..#
#......... ...#
#....#####)#...#..
.... #....@e..#
.## ####.
#.######....... ..
#.>..... .#
..#.###$. .# ###.#
. . .# # ## # .#
.#


You could see Duvessa.

Vanquished Creatures
  A centaur (D:5)
  Blork the orc (D:4)
  A howler monkey (D:5)
  A crimson imp (D:5)
  A hound (D:4)
  An orc priest (D:4)
  A centaur skeleton (D:4)
  A worker ant (D:4)
  A hound zombie (D:5)
  6 gnolls
  5 adders
  An ooze (D:2)
  An adder zombie (D:3)
  3 worms
  A dart slug (D:2)
  4 leopard geckos
  9 orcs
  8 bats
  5 giant cockroaches
  3 goblins
  9 hobgoblins
  8 jackals
  9 kobolds
  2 quokkas
  7 frilled lizards
  5 rats
95 creatures vanquished.

Notes
Turn   | Place    | Note
-------+----------+-------------------------------------------
     0 | D:1      | Ethylacetat the Octopode Air Elementalist began the quest
                  | for the Orb.
     0 | D:1      | Reached XP level 1. HP: 11/11 MP: 3/3
   227 | D:1      | Reached XP level 2. HP: 17/17 MP: 1/5
  1015 | D:2      | Found a white marble altar of Elyvilon.
  1042 | D:1      | Reached XP level 3. HP: 14/21 MP: 2/6
  1227 | D:2      | Reached skill level 4 in Air Magic
  1773 | D:2      | Reached XP level 4. HP: 21/27 MP: 3/8
  1779 | D:2      | Learned a level 4 spell: Airstrike
  2943 | D:3      | Reached XP level 5. HP: 27/31 MP: 3/9
  3087 | D:3      | Found a bloodstained altar of Trog.
  3238 | D:3      | Reached skill level 5 in Air Magic
  3679 | D:4      | Found a staircase to the Ecumenical Temple.
  3686 | Temple   | Entered the Ecumenical Temple
  3712 | Temple   | Became a worshipper of Sif Muna the Loreminder
  4266 | D:4      | Reached XP level 6. HP: 36/36 MP: 9/11
  5114 | D:4      | Reached skill level 6 in Air Magic
  5157 | D:5      | Entered Level 5 of the Dungeon
  5157 | D:5      | Noticed Blork the orc
  5177 | D:4      | Killed Blork the orc
  5506 | D:5      | Noticed a phantom
  5522 | D:5      | Reached XP level 7. HP: 29/41 MP: 4/13
  5707 | D:5      | Reached * piety under Sif Muna
  5710 | D:5      | Noticed Duvessa
  5724 | D:5      | Slain by Duvessa

Illustrated notes

Levels and vault maps discovered:
D:1:      heliophobic_arrival_ceremonial_halls, layout_basic,
          serial_corexii_hall, corexii_hall_statues_deadend,
          corexii_hall_statues_x, chequers_big_river, st_stairs_12
D:2:      layout_basic, elyvilon_altar_5
D:3:      layout_loops_ring, lemuel_round_altar, first_ration, bh_walls_and_bars
D:4:      layout_loops_corners, minmay_temple_entry_gardened_gates,
          moated_statue
D:5:      layout_rooms, hangedman_decor_clover_reticule, uniq_pikel,
          uniq_duvessa, uniq_blork_the_orc
Temple:   minmay_crystal_spiral_temple

Skill      XL: |  1  2  3  4  5  6 |
---------------+-------------------+-----
Air Magic      | 4 5 6 |  6.9
Spellcasting   | 3 4 |  4.3
Dodging        | |  2.0
Stealth        | |  2.6
Conjurations   | |  1.0

Action                   |  1- 3 |  4- 6 |  7- 9 || total
-------------------------+-------+-------+-------++-------
Melee: Unarmed           |    16 |       |       ||    16
       Constrict         |     6 |     7 |       ||    13
       Tentacles         |     2 |     3 |       ||     5
       Dagger            |     8 |    20 |       ||    28
 Cast: Shock             |    59 |   103 |    21 ||   183
 Stab: Sleeping          |       |     2 |       ||     2
       Distracted        |       |     1 |       ||     1
  Eat: Chunk             |     3 |    11 |     1 ||    15
Armor: Skin              |     8 |     1 |       ||     9
Dodge: Dodged            |    55 |    43 |     6 ||   104
